 Dungeon Crawl Stone Soup version 0.27-a0-1548-gf8a67e7463 (webtiles) character file.

Game seed: 14254966969587707494

75 Rohain the Gusty (level 4, -4/24 HPs)
             Began as a Tengu Air Elementalist on July 14, 2021.
             Slain by Robin (6 damage)
             ... on level 2 of the Dungeon.
             The game lasted 00:04:25 (2852 turns).

Rohain the Gusty (Tengu Air Elementalist)           Turns: 2852, Time: 00:04:25

Health: -4/24      AC:  2    Str:  8    XL:     4   Next: 31%
Magic:  6/8        EV: 13    Int: 16    God:
Gold:   65         SH:  0    Dex: 15    Spells: 5/8 levels left

rFire    . . .     SeeInvis .   (no weapon)
rCold    . . .     Faith    .   (no shield)
rNeg     . . .     Spirit   .   a - +0 robe
rPois    .         Reflect  .   (helmet restricted)
rElec    .         Harm     .   (no cloak)
rCorr    .         Rampage  .   (no gloves)
Will     .....                  (boots unavailable)
Stlth    ++........             (no amulet)
HPRegen  0.08/turn              (no ring)
MPRegen  0.11/turn              (no ring)

@: no status effects
A: beak, talons 3
a: no special abilities


You were on level 2 of the Dungeon.
You visited 1 branch of the dungeon, and saw 3 of its levels.

You collected 65 gold pieces.

Inventory:

Armour
 a - a +0 robe (worn)
Scrolls
 e - a scroll of noise
Potions
 b - a potion of might {unknown}
 d - 4 potions of curing
 g - a potion of lignification
 h - a potion of heal wounds {unknown}
 i - a potion of haste {unknown}


   Skills:
 + Level 3.1 Dodging
 - Level 2.0 Stealth
 + Level 2.6 Spellcasting
 + Level 2.8 Conjurations
 + Level 4.8 Air Magic


You had 5 spell levels left.
You knew the following spells:

 Your Spells              Type           Power      Damage    Failure   Level
a - Shock                 Conj/Air       56%        1d6       4%          1
b - Static Discharge      Conj/Air       14%        N/A       6%          2

Your spell library contained the following spells:

 Spells                   Type           Power      Damage    Failure   Level
 Swiftness                Air            17%        N/A       9%          3
 Airstrike                Air            8%         N/A       26%         4


Dungeon Overview and Level Annotations

Branches:
Dungeon (3/15)

Altars:
Yredelemnul

Shops:
D:2 =

Annotations:
D:2 Robin


Innate Abilities, Weirdness & Mutations

You have a beak for a mouth.
You have claws for feet.


Message History

There are monsters nearby!
You hear a shout!
Robin misses you.
The orc wizard mumbles some strange words.
The orc wizard flickers and vanishes!
Deactivating autopickup; reactivate with Ctrl-A.
The goblin barely misses you. x2; The hobgoblin barely misses you.
You climb upwards.
Reactivating autopickup.
There is a stone staircase leading down here.
Casting: Shock (safe; 4% risk of failure)
Confirm with . or Enter, or press ? or * to list all spells.
Aiming: Shock (safe; 4% risk of failure)
Press: ? - help, Shift-Dir - straight line, f - Robin
Aim: Robin, wielding a +0 trident, wearing a +0 animal skin and wearing a +0 helmet (79% to hit)
That beam is likely to hit you.
Continue anyway?
The zap hits the goblin.
You kill the goblin!
The zap misses Robin.
The zap hits Robin.
Robin is lightly wounded.
The zap hits you.
The zap hits the goblin.
The goblin is heavily wounded.
The goblin closely misses you.
Robin hits you from afar with a +0 trident!
Casting: Shock (safe; 4% risk of failure)
Confirm with . or Enter, or press ? or * to list all spells.
Aiming: Shock (safe; 4% risk of failure)
Press: ? - help, Shift-Dir - straight line, f - goblin, p - Robin
Aim: a goblin, wielding a +0 club (heavily wounded, 64% to hit)
The zap misses the goblin.
The zap hits the hobgoblin.
The hobgoblin is moderately wounded.
The goblin closely misses you.
Robin roars a battlecry!
The goblins go into a battle-frenzy!
Okay, then.
Robin hits you with a +0 trident!
* * * LOW HITPOINT WARNING * * *
You see here a +0 club.
Robin hits you with a +0 trident.
You die...

..#.##.....# #.#
###.##.###.###########.#
###.##.# #.............#
.......##############..#
###.........# #..###
###.........# #....#
....######..# #.##.#
##### #..# #######.##.#
#..# #g@.....##.# #..#
#g########.# ####
####..# #g# #.# .<.#
#.....#
#.########.####### ##.#
#.....#
#................# .#.#
##.._..#
#.............##.# ##.#
#......#
#.#####.#####.##.#
##.###......###.# #.#
#.##.# ##..............#
#.#####.##.#


You could see Robin, a hobgoblin (strong) and a goblin (strong).

Vanquished Creatures
  2 adders (D:2)
  2 worms (D:2)
  4 dart slugs
  An orc (D:2)
  4 endoplasms
  3 giant cockroaches
  4 goblins
  4 hobgoblins (D:1)
  4 kobolds
  5 ball pythons
  5 bats
  A frilled lizard (D:1)
  4 rats
43 creatures vanquished.

Vanquished Creatures (others)
  2 fungi (D:1)
  6 plants (D:1)
8 creatures vanquished.

Grand Total: 51 creatures vanquished

Notes
Turn   | Place    | Note
-------+----------+-------------------------------------------
     0 | D:1      | Rohain the Tengu Air Elementalist began the quest for the
                  | Orb.
     0 | D:1      | Reached XP level 1. HP: 10/10 MP: 4/4
   211 | D:1      | Reached XP level 2. HP: 7/15 MP: 4/6
   835 | D:1      | Found a faded altar of an unknown god.
   902 | D:1      | Reached XP level 3. HP: 12/19 MP: 7/7
   905 | D:1      | Learned a level 2 spell: Static Discharge
  1876 | D:2      | Found Ruxku's Jewellery Emporium.
  2159 | D:2      | Reached XP level 4. HP: 8/24 MP: 4/8
  2583 | D:2      | Found a basalt altar of Yredelemnul.
  2846 | D:3      | Noticed Robin
  2852 | D:2      | Slain by Robin

Illustrated notes

Levels and vault maps discovered:
D:1:      dpeg_arrival_shelter, layout_loops_ring, shapermc_ecumenical_altar_gd
D:2:      layout_loops_ring, basic_altar, serial_shops, nicolae_shop_crystal
D:3:      layout_basic, minmay_misc_feat_enclosed,
          minmay_misc_feat_secret_circle, minivault_24, uniq_robin

Skill      XL: |  1  2  3 |
---------------+----------+-----
Conjurations   | 2 |  2.8
Dodging        | 3 |  3.1
Stealth        | |  2.0
Spellcasting   | |  2.6
Air Magic      | |  4.8

Action                   |  1- 3 |  4- 6 || total
-------------------------+-------+-------++-------
Melee: Unarmed           |    58 |       ||    58
       Kick              |    15 |       ||    15
       Peck              |     9 |       ||     9
 Cast: Shock             |    41 |    13 ||    54
       Static Discharge  |     2 |       ||     2
  Use: Scroll            |     5 |     2 ||     7
 Stab: Sleeping          |     1 |       ||     1
Armor: Robe              |    17 |       ||    17
Dodge: Dodged            |    41 |     9 ||    50

Table legend: (Time is in decaauts)
 A = Elapsed time spent in this place.
 B = Non-inter-level travel time spent in this place.
 C = Inter-level travel time spent in this place.
 D = Time resting spent in this place.
 E = Time spent auto-exploring this place.
 F = Levels seen in this place.
 G = Mean time per level.
                   A        B        C        D        E       F      G
               +--------+--------+--------+--------+--------+-----+--------+
         Total |   2852 |   2791 |     61 |    315 |   2172 |   3 |  950.7 |
       Dungeon |   2852 |   2791 |     61 |    315 |   2172 |   3 |  950.7 |
               +--------+--------+--------+--------+--------+-----+--------+

Top non-repeatable levels by time:
     D:1: 1684 daAuts
     D:2: 1166 daAuts
     D:3: 1 daAuts
